 Dungeon Crawl Stone Soup version 0.25-a0-108-gda8bd6cf83 (webtiles) character file.

Game seed: 5008774456634974705, levelgen mode: deterministic

6824 Gargoyl the Slasher (level 10, -2/83 HPs)
             Began as a Centaur Abyssal Knight on Nov 18, 2019.
             Was a High Priest of Lugonu.
             Slain by an orc wizard
             ... wielding a +0 dagger of electrocution
              (19 damage)
             ... on level 8 of the Dungeon.
             The game lasted 00:13:20 (8178 turns).

Gargoyl the Slasher (Centaur Abyssal Knight)        Turns: 8178, Time: 00:13:20

Health: -2/83      AC: 12    Str: 17    XL:     10   Next: 77%
Magic:  15/15      EV:  9    Int: 11    God:    Lugonu [*****.]
Gold:   358        SH:  4    Dex: 10    Spells: 9/9 levels left

rFire    . . .     SeeInvis .   g - +7 falchion (venom)
rCold    . . .     Gourm    .   n - +0 buckler
rNeg     . . .     Faith    .   B - +0 scale mail {MR+}
rPois    .         Spirit   .   (no helmet)
rElec    .         Reflect  .   y - +0 cloak
rCorr    +         Harm     .   (no gloves)
MR       +....                  (no barding)
Stlth    ..........             (no amulet)
HPRegen  0.23/turn              b - +3 ring of protection
MPRegen  0.14/turn              u - ring of resist corrosion

@: very quick
A: large, hooves 3, deformed body, speed 2, tough skin 3
a: Depart the Abyss, Bend Space, Banish, Corrupt, Enter the Abyss, Renounce
Religion


You were on level 8 of the Dungeon.
You worshipped Lugonu.
Lugonu was extremely pleased with you.
You were not hungry.

You visited 1 branch of the dungeon, and saw 8 of its levels.
You visited the Abyss 1 time.

You collected 455 gold pieces.
You spent 97 gold pieces at shops.

Inventory:

Hand Weapons
 a - a +2 hand axe
 g - a +7 falchion of venom (weapon)
 z - a +1 hand axe of draining
 A - the +5 morningstar "Vuubo" {holy, rPois rN+ Str-2 Dex+2}
   (You found it on level 6 of the Dungeon)

   It has been blessed by the Shining One to cause great damage to the undead
   and demons.
   It affects your strength (-2).
   It affects your dexterity (+2).
   It protects you from poison.
   It protects you from negative energy.
 D - a +4 scimitar of flaming
Missiles
 o - 5 boomerangs (quivered)
Armour
 n - a +0 buckler (worn)
 y - a +0 cloak (worn)
 B - a +0 scale mail of magic resistance (worn)
Jewellery
 b - a +3 ring of protection (left hand)
 u - a ring of resist corrosion (right hand)
Wands
 e - a wand of digging (11)
 f - a wand of enslavement (6)
 p - a wand of paralysis (8)
 q - a wand of flame (32)
 w - a wand of iceblast (16)
Scrolls
 d - 4 scrolls of blinking
 h - 4 scrolls of remove curse
 k - 3 scrolls of teleportation
 m - 3 scrolls of identify
 s - a scroll of vulnerability {unknown}
 t - a scroll of fog
Potions
 i - 2 potions of curing
 j - a potion of haste
 l - 2 potions of ambrosia
 r - a potion of agility
 v - a potion of heal wounds
 x - 2 potions of mutation {unknown}
Comestibles
 c - 16 rations


   Skills:
 + Level 5.8 Fighting
 + Level 7.5 Long Blades
 + Level 2.0 Axes
 * Level 7.4 Armour
 * Level 4.7 Dodging
 + Level 2.0 Shields
 * Level 7.2 Invocations


You had 9 spell levels left.
You didn't know any spells.
Your spell library contained the following spells:

 Spells                   Type           Power        Failure   Level  Hunger
 Shroud of Golubria       Chrm/Tloc      #.....       86%         2    ###....


Dungeon Overview and Level Annotations

Branches:
Dungeon (8/15)             Temple (0/1) D:7            Lair (0/6) D:8

Altars:
Ashenzari
Cheibriados
Hepliaklqana
Nemelex Xobeh
Qazlal
Ru
Trog
Vehumet
Xom
Zin
The Shining One

Shops:
D:5 %   D:6 ?


Innate Abilities, Weirdness & Mutations

You have hooves in place of feet.
Armour fits poorly on your strangely shaped body.
You cover ground very quickly.
You have extremely tough skin. (AC +3)


Message History

* * * LOW HITPOINT WARNING * * *
You closely miss the bullfrog. Your kick misses the bullfrog.
The bullfrog is heavily wounded.
The bullfrog barely misses you.
You riposte.
You slash the bullfrog!
You kill the bullfrog!
Lugonu accepts your kill.
You closely miss something.
You hear some strange, mumbled words.
A puff of flame appears from out of thin air!
The puff of flame hits you.
* * * LOW HITPOINT WARNING * * *
You hit something. You block something's attack.
Unknown command.
Your scale mail prevents you from hitting something.
Your kick misses something. Something hits you but does no damage.
You are electrocuted!
* * * LOW HITPOINT WARNING * * *
Unknown command.
You feel better. Something hits you but does no damage.
You are electrocuted!!
You die...

†...........#
#.###....
)#..........# #.#
#.... )#......#####
#.# #.... .#.#..#.#
#.# ##... )#.#..#.#
#.# #..# .#.#..# # #.#
#.## .#....#+##### #.#
### ....
#......#############.#
...
#......ooo{@.........#
....
#......###############
.....#...o..+
..)..#.....l#
.....#.[...t.
#####.... ....o.
.P.....F P......PP


You could see an orc wizard and 2 orcs.

Vanquished Creatures
  Erica (D:8)
  Harold (D:7)
  Pikel (D:4)
  An elephant (D:8)
  3 hippogriffs
  Sigmund (D:6)
  A human (D:7)
  A yak (D:7)
  3 hogs (D:7)
  A hungry ghost (D:7)
  A basilisk (D:8)
  Duvessa (D:6)
  2 orc warriors (D:6)
  An ice beast (D:5)
  A sky beast (D:5)
  2 black bears
  A phantom (D:4)
  6 ogres
  A crocodile (D:8)
  3 bullfrogs
  Blork the orc (D:6)
  Dowan (D:6)
  A water moccasin skeleton (D:7)
  4 scorpions
  3 killer bees (D:8)
  2 jellies
  2 howler monkeys
  3 crimson imps
  A bullfrog zombie (D:6)
  A hound (D:6)
  4 orc wizards
  5 orc priests
  Terence (D:2)
  Jessica (D:3)
  3 bullfrog skeletons
  2 iguanas
  Ijyb (D:2)
  5 worker ants
  A howler monkey zombie (D:6)
  10 adders
  An adder skeleton (D:5)
  A worm (D:3)
  4 dart slugs
  4 leopard geckos
  27 orcs
  6 giant cockroaches
  5 hobgoblins
  19 jackals
  7 quokkas
  2 ball pythons (D:5)
  6 bats
  6 frilled lizards
  A giant cockroach zombie (D:5)
  16 goblins
  7 kobolds
  A leopard gecko skeleton (D:4)
  A leopard gecko zombie (D:5)
  A quokka skeleton (D:5)
  A quokka zombie (D:8)
  5 rats
206 creatures vanquished.

Vanquished Creatures (others)
  2 slaves (D:5)
  A bullfrog zombie (D:5)
  An orc wizard (D:3)
  3 orcs (D:5)
7 creatures vanquished.

Grand Total: 213 creatures vanquished

Notes
Turn   | Place    | Note
-------+----------+-------------------------------------------
     0 | Abyss:1  | Gargoyl the Centaur Abyssal Knight began the quest for the
                  | Orb.
     0 | Abyss:1  | Reached XP level 1. HP: 19/19 MP: 2/2
    68 | Abyss:1  | Noticed a tentacled starspawn
   103 | Abyss:2  | Found a corrupted altar of Lugonu.
   135 | Abyss:2  | Noticed a glowing orange brain
   135 | Abyss:2  | Noticed a flying skull
   136 | D:1      | Escaped the Abyss
   183 | D:1      | Reached * piety under Lugonu
   451 | D:1      | Reached XP level 2. HP: 20/26 MP: 3/3
   733 | D:1      | Reached skill level 1 in Dodging
  1319 | D:2      | Noticed a scorpion
  1325 | D:2      | Killed a scorpion
  1325 | D:2      | Reached XP level 3. HP: 27/31 MP: 4/4
  1325 | D:2      | Reached XP level 4. HP: 34/39 MP: 5/5
  1965 | D:2      | Noticed Ijyb
  1983 | D:2      | Reached skill level 1 in Long Blades
  1991 | D:2      | Killed Ijyb
  2076 | D:3      | Reached XP level 5. HP: 40/46 MP: 6/6
  2141 | D:3      | Found a glowing silver altar of Zin.
  2174 | D:3      | Reached ** piety under Lugonu
  2211 | D:3      | Noticed Terence
  2387 | D:2      | Killed Terence
  2535 | D:3      | Found a snail-covered altar of Cheibriados.
  2535 | D:3      | Found a sparkling altar of Nemelex Xobeh.
  2621 | D:3      | Noticed Jessica
  2627 | D:3      | Killed Jessica
  2627 | D:3      | Reached XP level 6. HP: 52/52 MP: 8/8
  2631 | D:3      | Identified Jessica's Volume of Orientation
  2678 | D:3      | Found a shimmering altar of Xom.
  2764 | D:3      | Found a hazy altar of Hepliaklqana.
  2768 | D:3      | Found a sacrificial altar of Ru.
  3184 | D:4      | Reached XP level 7. HP: 58/59 MP: 9/9
  3478 | D:4      | Found a glowing golden altar of the Shining One.
  3686 | D:4      | Reached *** piety under Lugonu
  4079 | D:5      | Entered Level 5 of the Dungeon
  4088 | D:5      | Noticed Pikel
  4109 | D:4      | Killed Pikel
  4109 | D:4      | Reached XP level 8. HP: 51/67 MP: 11/11
  4497 | D:5      | Found Tirujiat's Food Emporium.
  4626 | D:5      | Found a bloodstained altar of Trog.
  4681 | D:5      | Reached skill level 1 in Shields
  4767 | D:5      | Reached skill level 5 in Invocations
  5051 | D:5      | Reached **** piety under Lugonu
  5170 | D:5      | Reached skill level 5 in Armour
  5397 | D:6      | Noticed a hippogriff
  5398 | D:6      | Noticed Blork the orc
  5408 | D:6      | Killed a hippogriff
  5408 | D:6      | Reached skill level 5 in Long Blades
  5408 | D:6      | Reached XP level 9. HP: 40/73 MP: 12/12
  5409 | D:6      | Killed Blork the orc
  5491 | D:6      | Noticed Sigmund
  5504 | D:6      | Killed Sigmund
  5868 | D:6      | Found a radiant altar of Vehumet.
  5891 | D:6      | Reached skill level 5 in Fighting
  5934 | D:6      | Found a stormy altar of Qazlal.
  6049 | D:6      | Got an ivory morningstar
  6050 | D:6      | Identified the +5 morningstar "Vuubo" {holy, rPois rN+
                  | Str-2 Dex+2} (You found it on level 6 of the Dungeon)
  6098 | D:6      | Noticed Dowan
  6099 | D:6      | Noticed Duvessa
  6113 | D:6      | Killed Duvessa
  6116 | D:6      | Killed Dowan
  6262 | D:6      | Found Sacwomim's Magic Scroll Emporium.
  6278 | D:6      | Bought a scroll of enchant weapon for 97 gold pieces
  6656 | D:7      | Found a staircase to the Ecumenical Temple.
  6796 | D:7      | Noticed Harold
  6818 | D:7      | Killed Harold
  6818 | D:7      | Reached XP level 10. HP: 68/81 MP: 14/14
  7241 | D:7      | Reached ***** piety under Lugonu
  7874 | D:8      | Noticed Erica
  7887 | D:8      | Killed Erica
  8085 | D:8      | Found a shattered altar of Ashenzari.
  8133 | D:8      | Noticed an elephant
  8135 | D:8      | Found a staircase to the Lair.
  8154 | D:8      | Killed an elephant
  8178 | D:8      | Slain by an orc wizard

Levels and vault maps discovered:
D:1:      minmay_arrival_split_and_join, layout_basic
D:2:      kennysheep_the_goblin_king, layout_loops_ring, hex_large
D:3:      layout_rooms, old_standard_altar, grunt_temple_overflow_open,
          overflow_temple_1_default, kennysheep_jessica_study, uniq_terence
D:4:      layout_cave_pods, nicolae_overflow_hidden_temple, first_ration
D:5:      layout_gridville, serial_shops,
          nicolae_shop_temple_entry_statues_fountains, trog_butcher_becter,
          uniq_pikel
D:6:      layout_basic, kennysheep_mini_moat, serial_shops, shop_scrolls,
          vehumet_altar_wand_db, uniq_duvessa, uniq_sigmund, uniq_blork_the_orc
D:7:      layout_gridville, minmay_temple_entry_glassed_door, grunt_livestock,
          uniq_harold
D:8:      layout_basic, nicolae_ashenzari_panopticon, david_lair_generic,
          uniq_erica, uniq_gastronok

Skill      XL: |  1  2  3  4  5  6  7  8  9 10 |
---------------+-------------------------------+-----
Dodging        | 1 2 3 4 |  4.7
Armour         | 2 3 4 5 6 7 |  7.4
Long Blades    | 1 2 3 5 6 7 |  7.5
Axes           | 2 |  2.0
Invocations    | 3 4 5 6 7 |  7.2
Fighting       | 4 5 |  5.8
Shields        | 1 2 |  2.0

Action                   |  1- 3 |  4- 6 |  7- 9 | 10-12 || total
-------------------------+-------+-------+-------+-------++-------
Melee: Falchion          |    58 |   147 |   270 |   126 ||   601
       Kick              |     7 |    23 |    82 |    35 ||   147
Throw: Boomerang         |       |     1 |       |       ||     1
Invok: Depart the Abyss  |     1 |       |       |       ||     1
       Bend Space        |       |     1 |     1 |       ||     2
  Use: Scroll            |     4 |     9 |    10 |       ||    23
       Potion            |       |       |     6 |     4 ||    10
 Stab: Distracted        |       |       |     1 |       ||     1
  Eat: Chunk             |       |     4 |    13 |     4 ||    21
Armor: Ring mail         |    16 |       |       |       ||    16
       Chain mail        |    38 |   136 |   214 |       ||   388
       Scale mail        |       |       |     8 |    85 ||    93
       Skin              |       |       |     3 |       ||     3
Dodge: Dodged            |    25 |    32 |    95 |    41 ||   193
Block: Buckler           |       |    10 |    46 |    15 ||    71
       Rpst.: Falchion   |     3 |    12 |    31 |    11 ||    57

Table legend:
 A = Non-vault XP
 B = Vault XP
 C = Vault XP percentage of total XP
 D = Non-vault monster count
 E = Vault monster count
 F = Vault count percentage of total count
                 A         B        C        D         E       F
            +---------+---------+-------+---------+---------+-------
      Total |    4546 |    5203 |  53.4 |     176 |      31 |  15.0
            +---------+---------+-------+---------+---------+-------
        D:1 |      25 |       0 |   0.0 |      18 |       0 |   0.0
        D:2 |     132 |      82 |  38.3 |      26 |       8 |  23.5
        D:3 |     139 |      39 |  21.9 |      21 |       2 |   8.7
        D:4 |     683 |     629 |  47.9 |      26 |       1 |   3.7
        D:5 |     727 |       7 |   1.0 |      29 |       4 |  12.1
        D:6 |    1311 |     533 |  28.9 |      24 |       5 |  17.2
        D:7 |    1090 |    1939 |  64.0 |      22 |       6 |  21.4
        D:8 |     439 |    1974 |  81.8 |      10 |       5 |  33.3
            +---------+---------+-------+---------+---------+-------
